 Dungeon Crawl Stone Soup version 0.28.0-53-g5a82cb258f (webtiles) character file.

Game seed: 2047481219099494451

570 buhh the Insei (level 7, -5/46 HPs)
             Began as an Octopode Transmuter on June 16, 2022.
             Was an Initiate of Cheibriados.
             Slain by a gnoll
             ... wielding a +0 club
              (8 damage)
             ... on level 5 of the Dungeon.
             The game lasted 00:19:50 (7661 turns).

buhh the Insei (Octopode Transmuter)                Turns: 7661, Time: 00:19:51

Health: -5/46      AC:  2    Str: 10    XL:     7   Next: 34%
Magic:  7/10       EV: 19    Int: 18    God:    Cheibriados [......]
Gold:   182        SH:  0    Dex: 19    Spells: 4/10 levels left

rFire   . . .      SeeInvis .     - Unarmed
rCold   . . .      Faith    .   (shield currently unavailable)
rNeg    . . .      Spirit   .   (helmet currently unavailable)
rPois   x          Reflect  .   (no amulet)
rElec   .          Harm     .   (no ring)
rCorr   .          Rampage  .   (no ring)
Will    .....                   (no ring)
Stlth   ++........              (no ring)
HPRegen 0.15/turn               (no ring)
MPRegen 0.12/turn               (no ring)
                                (no ring)
                                (no ring)

@: brilliant, spider-form, very slow
A: venomous fangs, almost no armour, (amphibious), 8 rings, tiny, (camouflage
1), (gelatinous body 1), (nimble swimmer 1), (tentacles)
a: End Transformation, Renounce Religion


You were on level 5 of the Dungeon.
You worshipped Cheibriados.
Cheibriados was noncommittal.
You were a venomous arachnid creature.
You visited 2 branches of the dungeon, and saw 7 of its levels.

You collected 301 gold pieces.
You spent 119 gold pieces at shops.

Inventory:

Hand Weapons
 d - the +10 dagger of the Undead {drain, rC++}
   (You found it on level 6 of the Dungeon)

   A truly terrible weapon, it drains the life of any living foe it strikes.
   rC:        It greatly protects you from cold.
Magical Staves
 c - a staff of air
Scrolls
 f - 3 scrolls of fear {unknown}
 g - 2 scrolls of identify {!d}
 h - 2 scrolls of immolation {unknown}
 j - 2 scrolls of fog {unknown}
 F - a scroll of enchant weapon
 P - a scroll of magic mapping {!r!d}
Potions
 b - a potion of berserk rage {unknown}
 e - a potion of heal wounds {unknown}
 i - 2 potions of mutation {unknown}
 k - a potion of attraction {unknown}
 K - a potion of brilliance {!q!d}


   Skills:
 - Level 3.0 Fighting
 - Level 2.0 Dodging
 - Level 1.0 Stealth
 - Level 6.0 Unarmed Combat
 - Level 2.0 Spellcasting
 * Level 4.0 Transmutations
 - Level 0.7 Ice Magic
 - Level 3.0 Poison Magic


You had 4 spell levels left.
You knew the following spells:

 Your Spells              Type           Power      Damage    Failure   Level
a - Beastly Appendage     Tmut           48%        N/A       12%         1
b - Wereblood             Tmut           24%        N/A       16%         2
c - Spider Form           Tmut/Pois      21%        N/A       30%         3

Your spell library contained the following spells:

 Spells                   Type           Power      Damage    Failure   Level
 Animate Skeleton         Necr           4%         N/A       38%         1
 Pain                     Necr           8%         1d4       38%         1
 Vampiric Draining        Necr           2%         2d6       69%         3
 Ice Form                 Ice/Tmut       15%        N/A       77%         4


Dungeon Overview and Level Annotations

Branches:
Dungeon (6/15)             Temple (1/1) D:5

Altars:
Ashenzari
Cheibriados
Dithmenos
Hepliaklqana
Kikubaaqudgha
Makhleb
Qazlal
Sif Muna
Trog
Vehumet
Wu Jian
Xom
Zin

Shops:
D:5 ?

Annotations:
D:4 exclusions: jelly and phantom
D:6 2 transporters


Innate Abilities, Weirdness & Mutations

You are a venomous arachnid creature.
You have poisonous fangs.
You are tiny and dextrous.
Your spellcasting is less reliable in this form.
Your armour is entirely melded.
You are incapable of wielding weapons or throwing items.
You cannot wear most types of armour.
((You are amphibious.))
You can wear up to eight rings at the same time.
((Your skin changes colour to match your surroundings (Stealth+).))
((Your rubbery body absorbs attacks. (AC +1, EV +1)))
((You are camouflaged when in or above water. (Stealth+)))
((You have tentacles for arms and can constrict up to eight enemies at once.))


Message History

The gnoll completely misses you. The black bear barely misses you.
The black bear claws you. The black bear closely misses you.
The gnoll hits you with a +0 club.
You completely miss the black bear.
The black bear is heavily wounded.
The gnoll barely misses you. The black bear barely misses you.
The black bear misses you. The black bear completely misses you.
You bite the black bear!
The black bear is almost dead.
The gnoll hits you with a +0 club.
The black bear goes berserk!
You bite the gnoll!
The gnoll is poisoned.
The gnoll is heavily wounded.
The gnoll hits you with a +0 club. The black bear closely misses you.
The black bear claws you. The black bear barely misses you.
The gnoll shaman misses you. The gnoll hits you with a +0 club!
* * * LOW HITPOINT WARNING * * *
You bite the black bear!
You kill the black bear!
Cheibriados thoroughly appreciates the change of pace.
The gnoll hits you with a +0 club.
* * * LOW HITPOINT WARNING * * *
The gnoll shaman completely misses you.
Training target 3.0 for Poison Magic reached!
Your Transmutations skill increases to level 4!
Your Poison Magic skill increases to level 3!
You hit the gnoll shaman.
The gnoll shaman is moderately wounded.
The gnoll hits you with a +0 club.
* * * LOW HITPOINT WARNING * * *
The gnoll shaman misses you.
You hit the gnoll shaman.
The gnoll shaman is poisoned.
The gnoll shaman is moderately wounded.
The gnoll hits you with a +0 club.
* * * LOW HITPOINT WARNING * * *
The gnoll barely misses you. The gnoll shaman closely misses you.
It was a potion of brilliance.
You feel clever all of a sudden.
K - a potion of brilliance The gnoll hits you with a +0 club!
You die...

##.......########.#..###.#
#.##.##.#### ##......##
#.##.##....## #.######.
#...........# #.####)..
#.####.####.##**#...[..#.
#.##(....##,...,#..######
#.#.......#...#.#..######
#.#......g#.#......##∩...
#....._.s...###.##.##.##.
#.#......g#.....*#......>
#.#.......#..###*#....)..
#,##.....##..# #.##....
*,*###.####,,* #.##.##.
*,,,,...,,,,,* #.##.##.
**,,....,,,,,* #.......
**#####****** #######. #.


You could see a gnoll shaman (very poisoned) and a gnoll (fast, very poisoned).

Vanquished Creatures
  A black bear (D:5)
  A scorpion (D:6)
  A wight (D:5)
  A bullfrog zombie (D:5)
  A centaur zombie (D:6)
  2 hounds
  A jelly (D:5)
  An iguana (D:6)
  A hound skeleton (D:4)
  A howler monkey zombie (D:6)
  4 gnolls
  4 adders
  An ufetubus (D:6)
  2 worms (D:3)
  2 dart slugs
  7 orcs
  4 endoplasms
  4 goblins
  4 hobgoblins
  4 jackals (D:2)
  6 quokkas
  5 ball pythons
  4 bats
  4 frilled lizards
  10 kobolds
  7 rats
83 creatures vanquished.

Vanquished Creatures (others)
  11 fungi (D:5)
11 creatures vanquished.

Grand Total: 94 creatures vanquished

Notes
Turn   | Place    | Note
-------+----------+-------------------------------------------
     0 | D:1      | buhh the Octopode Transmuter began the quest for the Orb.
     0 | D:1      | Reached XP level 1. HP: 13/13 MP: 3/3
   216 | D:1      | Reached XP level 2. HP: 18/18 MP: 3/5
  1193 | D:2      | Reached XP level 3. HP: 24/24 MP: 4/6
  1951 | D:2      | Reached skill level 4 in Unarmed Combat
  1951 | D:2      | Reached XP level 4. HP: 30/30 MP: 7/7
  3023 | D:3      | Reached XP level 5. HP: 31/36 MP: 8/8
  3264 | D:3      | Found a shimmering blue altar of Sif Muna.
  3280 | D:3      | Found a burning altar of Makhleb.
  3560 | D:4      | Noticed a phantom
  3571 | D:4      | Learned a level 2 spell: Wereblood
  3575 | D:4      | Learned a level 3 spell: Spider Form
  3814 | D:4      | Reached skill level 5 in Unarmed Combat
  4157 | D:4      | You fall into a shaft and drop 2 floors!
  4166 | D:6      | Found a transporter.
  4637 | D:6      | Reached XP level 6. HP: 26/42 MP: 7/9
  4944 | D:5      | Entered Level 5 of the Dungeon
  4950 | D:5      | Found Alegavom's Magic Scroll Shop.
  4954 | D:5      | Bought a scroll of magic mapping for 49 gold pieces
  4954 | D:5      | Bought a scroll of teleportation for 42 gold pieces
  4954 | D:5      | Bought a scroll of identify for 28 gold pieces
  5043 | D:5      | Found an ornate altar of the Wu Jian Council.
  5100 | D:5      | Reached skill level 6 in Unarmed Combat
  5242 | D:5      | Noticed a black bear
  5427 | D:6      | Identified the +10 dagger of the Undead {drain, rC++}
  5431 | D:6      | Noticed an ice beast
  5432 | D:6      | Found a transporter.
  6007 | D:6      | Noticed a steam dragon
  6007 | D:6      | Noticed a water moccasin
  6009 | D:6      | Noticed a sky beast
  6898 | D:5      | Found a staircase to the Ecumenical Temple.
  6904 | Temple   | Entered the Ecumenical Temple
  6980 | Temple   | Became a worshipper of Cheibriados the Contemplative
  7168 | D:5      | Reached XP level 7. HP: 24/46 MP: 7/10
  7567 | D:5      | Noticed a steam dragon
  7640 | D:5      | Found a shadowy altar of Dithmenos.
  7661 | D:5      | Slain by a gnoll

Illustrated notes

Levels and vault maps discovered:
D:1:      lightli_arrival_statuegarden, layout_loops_ring,
          grunt_decor_one_mirror
D:2:      layout_basic, grunt_ministairs_9
D:3:      layout_loops_corners, mainiacjoe_overflow_swirl
D:4:      layout_gridville, serial_bayou_crossing
D:5:      kennysheep_steamy, layout_loops_cross, kennysheep_mini,
          old_standard_altar, temple_green, serial_shops, shop,
          nicolae_figureground_sparkle
D:6:      gammafunk_cloud_chamber, layout_gridville, serial_rivers,
          chequers_serial_rivers_micro_b, chequers_serial_rivers_micro_e,
          chequers_serial_rivers_small_b, chequers_serial_rivers_micro_c,
          minmay_pentangle
Temple:   dpeg_five_rooms_temple

Skill      XL: |  1  2  3  4  5  6  7 |
---------------+----------------------+-----
Stealth        | 1 |  1.0
Fighting       | 2 3 |  3.0
Unarmed Combat | 4 5 6 |  6.0
Poison Magic   | 2 3 |  3.0
Transmutations | 3 4 |  4.0
Dodging        | |  2.0
Spellcasting   | |  2.0
Ice Magic      | |  0.7

Action                   |  1- 3 |  4- 6 |  7- 9 || total
-------------------------+-------+-------+-------++-------
Melee: Unarmed           |    67 |   110 |    18 ||   195
       Constrict         |    17 |    31 |     1 ||    49
       Kick              |    15 |    39 |     3 ||    57
       Tentacles         |    10 |    24 |     4 ||    38
       Punch             |     4 |     6 |       ||    10
 Cast: Beastly Appendage |    18 |    45 |     3 ||    66
       Spider Form       |       |     1 |     3 ||     4
  Use: Scroll            |       |     4 |     1 ||     5
       Potion            |       |       |     1 ||     1
 Stab: Sleeping          |     7 |     3 |       ||    10
Armor: Skin              |     2 |     4 |       ||     6
Dodge: Dodged            |    37 |    53 |    25 ||   115
